[Event "Late-Titled-Tuesday-Blitz-May-14-2024"]
[Site "Chess.com"]
[Date "2024.05.14"]
[Round "8"]
[White "wild3000"]
[Black "CombativeWombat"]
[Result "1/2-1/2"]
[WhiteElo "2472"]
[BlackElo "2343"]
[TimeControl "180+1"]
[EndTime "15:28:36 PDT"]
[Termination "Game drawn by stalemate"]

1. d4 d5 2. Nf3 Nf6 3. c4 e6 4.
Nc3 dxc4 5. e4 b5 6. Bg5 a6 7.
e5 h6 8. Bh4 g5 9. Nxg5 hxg5 10.
Bxg5 Nbd7 11. exf6 Bb7 12. a4 Bb4 13. axb5 axb5 14.
Rxa8 Qxa8 15. h4 Bxg2 16. Rg1 Bf3 17. Be2 Bxe2 18. Kxe2 Bxc3 19. bxc3 Qe4+ 20. Kf1 Nb6 21. Qe2 Qf5 22. Rg3 Kd7 23. Kg2 Nd5 24. Qb2 Rb8 25.
Qa3 b4 26. cxb4 Qe4+ 27. Kh2 Qxd4 28. Qa4+ c6 29. Qc2 Nxb4 30. Qh7 Rf8 31. Qg7 Ke8 32.
h5 Qxf2+ 33. Kh3 Nd3 34. h6 Qf5+ 35. Kg2 Ne1+ 36. Kg1 Nf3+ 37. Kg2 Ne1+ 38. Kg1 Nf3+ 39.
Kh1 Nxg5 40. Qxg5 Qxg5 41. Rxg5 Rh8 42. Rh5 Kd7 43. Kg2 e5 44. Kf3 Ke6 45. Ke4 Kxf6 46. Rf5+ Kg6 47. Rxe5 Rxh6 48. Rc5 Rh4+ 49. Kf3 f5 50.
Rxc6+ Kg5 51. Rc8 Rh6 52. Rxc4 Ra6 53. Rc3 Ra4 54. Rb3 Rc4 55. Ra3 Rf4+ 56. Kg3 Rg4+ 57.
Kf3 Rh4 58. Kg3 Rg4+ 59. Kf3 Rh4 60. Kg2 f4 61. Ra5+ Kg4 62. Ra8 Rh5 63. Rg8+ Rg5 64.
Rf8 Rb5 65. Rg8+ Rg5 66. Rf8 Rf5 67. Rxf5 Kxf5 68. Kf3 Ke5 69. Kf2 Ke4 70. Ke2 f3+ 71. Kf2 Kf4 72. Kf1 Ke3 73. Ke1 f2+ 74. Kf1 Kf3 1/2-1/2

[Event "Late-Titled-Tuesday-Blitz-May-14-2024"]
[Site "Chess.com"]
[Date "2024.05.14"]
[Round "8"]
[White "Michalczak"]
[Black "LeninGuerra"]
[Result "1/2-1/2"]
[WhiteElo "2510"]
[BlackElo "2660"]
[TimeControl "180+1"]
[EndTime "15:28:39 PDT"]
[Termination "Game drawn - insufficient material"]

1. e4 c5 2. c3 d5 3. exd5 Qxd5 4. Nf3 Nc6 5. Na3 e6 6. Bc4 Qd8 7. O-O Nf6 8. Qe2 Be7 9. Rd1 O-O 10. d4 cxd4 11. Nb5 a6 12. Nbxd4 Nxd4 13. Rxd4 Qe8 14. Ne5 b5 15. Bd3 Bb7 16. Bg5 h6 17. Bh4 Rd8 18. Rxd8 Qxd8 19. Rd1 Qa8 20. Bxf6 Bxf6 21. Nd7 Rd8 22.
Nxf6+ gxf6 23. Qg4+ Kf8 24. f3 Qa7+ 25. Kf1 Qc5 26. Qf4 Ke7 27. Qxh6 Bd5 28. b3 Qxc3 29. Be2 Qe5 30. h4 Qg3 31. h5 Rg8 32. Qe3 Qxg2+ 33. Ke1 Kf8 34. h6 Rg5 35. Qf4 Re5 36. Kd2 Qxe2+ 37.
Kc1 Qe3+ 38. Qxe3 Rxe3 39. Rg1 Rxf3 40. h7 Rh3 41. Rg8+ Ke7 42. h8=Q Rxh8 43. Rxh8 Kd6 44. Rd8+ Kc5 45. Rf8 e5 46. Rc8+ Kb6 47. Kd2 f5 48. Ke3 f4+ 49. Kd3 f5 50. Re8 e4+ 51. Kd4 Bc6 52.
Rf8 e3 53. Rxf5 e2 54. Re5 f3 55. Kd3 b4 56. Kd2 a5 57. Ke1 a4 58. Kf2 a3 59.
Rf5 Ka6 60. Rc5 Kb6 61. Re5 Kc7 62. Rf5 Kd6 63. Ra5 Be4 64. Rb5 Bb1 65. Rxb4 Bxa2 66.
Ra4 Bxb3 67. Rxa3 Bd5 68. Rd3 Ke5 69. Re3+ Kd4 70. Re7 Be4 71. Rd7+ Kc3 72. Re7 Bd3 73. Re3 Kd2 74. Kxf3 e1=Q 75. Rxe1 Kxe1 1/2-1/2

[Event "Late-Titled-Tuesday-Blitz-May-14-2024"]
[Site "Chess.com"]
[Date "2024.05.14"]
[Round "8"]
[White "GoltsevDmitry2000"]
[Black "vpsetter"]
[Result "1-0"]
[WhiteElo "2748"]
[BlackElo "2550"]
[TimeControl "180+1"]
[EndTime "15:28:41 PDT"]
[Termination "GoltsevDmitry2000 won by resignation"]

1. e4 c5 2. Nf3 Nc6 3. d4 cxd4 4. Nxd4 Nf6 5. Nc3 d6 6. Be2 g6 7. O-O Bg7 8. Bg5 O-O 9. Nb3 a6 10. Qd2 b5 11. a3 Bb7 12. Rad1 Rc8 13. Qe3 Ne5 14. h3 Qc7 15. Bh6 Bxh6 16. Qxh6 Nxe4 17. Rd4 f5 18. Nxe4 Bxe4 19. c3 Nf7 20. Qh4 e5 21. Rd2 Qd8 22. Qg3 f4 23. Qh2 Qf6 24. f3 Bf5 25. Rfd1 Be6 26. Nc1 Rfd8 27. Nd3 a5 28. Nf2 d5 29. Bxb5 Nd6 30. Bd3 h5 31. Kh1 Kg7 32.
Qg1 g5 33. Qe1 g4 34. Bf1 gxf3 35. gxf3 Nf5 36. Nd3 Ne3 37. Rc1 Kh6 38. Qf2 Bf5 39. Re1 Bxd3 40. Bxd3 Rg8 41. Rxe3 fxe3 42. Qxe3+ Qg5 43.
Qb6+ Rg6 44. Qxg6+ Qxg6 45. Bxg6 Kxg6 46. Rxd5 Kf5 47.
Kg2 a4 48. Kf2 Rb8 49. Rd2 Kf4 50. Re2 Kf5 51. Kg3 Rg8+ 52. Kh4 Rg1 53. Re4 Rf1 54. Rxa4 Rxf3 55. Ra8 Ke4 56. Re8 Rf2 57. b4 Rc2 58. a4 Rxc3 59. a5 Rc4 60. a6 Rxb4 61. a7 Kf5+ 62. Kg3 h4+ 63. Kg2 Rb2+ 64. Kf1 Rb1+ 65. Ke2 Rb2+ 66. Kd1 Ra2 67. a8=Q Rxa8 68. Rxa8 1-0

[Event "Late-Titled-Tuesday-Blitz-May-14-2024"]
[Site "Chess.com"]
[Date "2024.05.14"]
[Round "8"]
[White "TheWiscoIndian"]
[Black "jeetjain"]
[Result "0-1"]
[WhiteElo "2249"]
[BlackElo "2584"]
[TimeControl "180+1"]
[EndTime "15:28:50 PDT"]
[Termination "jeetjain won by checkmate"]

1. Nf3 c5 2. g3 Nc6 3. Bg2 e5 4. d3 d6 5. O-O g6 6. c4 Bg7 7.
Nc3 Nge7 8. a3 a5 9. Ne1 O-O 10. Nc2 f5 11. Ne3 g5 12. Ned5 f4 13. Bd2 h5 14.
Na4 Nxd5 15. Bxd5+ Kh8 16. Qb3 Nd4 17. Qd1 Bh3 18.
Re1 g4 19. Bc3 h4 20. Bxd4 cxd4 21. Bxb7 fxg3 22. fxg3 Qf6 23. Rf1 Bxf1 24. Qxf1 Rab8 25. Qxf6 Rxf6 26. Bd5 Bh6 27. Rf1 Rxf1+ 28. Kxf1 Rf8+ 29. Ke1 h3 30. b4 axb4 31. axb4 Be3 32. b5 Bg1 33. b6 Bxh2 34. b7 Bxg3+ 35. Kd2 Bf2 36.
Nb6 g3 37. Nc8 g2 38. b8=Q g1=Q 39. Qxd6 Qg5+ 40. Kc2 Rxc8 41. Qd7 Rf8 42. Qxh3+ Kg7 43. c5 Be3 44. Qd7+ Kh6 45. c6 Qd8 46. Qe6+ Rf6 47. Qh3+ Kg7 48. Be4 Bh6 49. Qg4+ Kf8 50. Qh5 Qc7 51. Qg4 Rxc6+ 52. Bxc6 Qxc6+ 53. Kb3 Qd5+ 54. Ka3 Qd6+ 55. Ka2 Ke7 56. Qh4+ Qf6 57. Qe4 Qe6+ 58. Kb1 Bg7 59. Qh7 Qb6+ 60. Kc2 Qf6 61. Qe4 Kf7 62. Qb7+ Qe7 63. Qd5+ Qe6 64. Qb7+ Kf6 65. Qf3+ Qf5 66. Qc6+ Qe6 67. Qf3+ Ke7 68. Qb7+ Qd7 69. Qb4+ Ke6 70. Qb6+ Qd6 71. Qa7 Bf6 72. Qh7 Qc6+ 73. Kd1 Qa4+ 74. Ke1 Qa1+ 75. Kf2 Qa6 76. Qg8+ Kd6 77. Qb8+ Kc5 78.
Qf8+ Qd6 79. Qc8+ Qc6 80. Qf8+ Kd5 81. Qg8+ Kd6 82. Qf8+ Ke6 83. Qg8+ Kd7 84. Qh7+ Be7 85. Qg8 Qf6+ 86. Ke1 Qe6 87. Qg3 Bb4+ 88. Kd1 Qb3+ 89. Kc1 Ba3+ 90. Kd2 Qc3+ 91. Kd1 Qc1# 0-1

[Event "Late-Titled-Tuesday-Blitz-May-14-2024"]
[Site "Chess.com"]
[Date "2024.05.14"]
[Round "8"]
[White "tgpgoat"]
[Black "nabukatnezarr"]
[Result "0-1"]
[WhiteElo "2466"]
[BlackElo "2623"]
[TimeControl "180+1"]
[EndTime "15:28:52 PDT"]
[Termination "nabukatnezarr won by checkmate"]

1. Nf3 Nf6 2. c4 e6 3. Nc3 Bb4 4. Qc2 O-O 5. g3 b6 6. Bg2 Bb7 7. O-O d5 8. Ne5 Nbd7 9. d4 Bxc3 10.
Qxc3 Nxe5 11. dxe5 Ne4 12. Bxe4 dxe4 13. Bf4 Qe7 14. Rad1 Rfd8 15. h4 h6 16. a3 Rd7 17.
Rxd7 Qxd7 18. Rc1 c5 19. b4 Rc8 20. Be3 Qa4 21. bxc5 bxc5 22. Rb1 Bc6 23. Bxc5 e3 24. Bxe3 Be4 25. Rc1 Rb8 26. Qd4 Bc6 27. Qxa7 Qb3 28. Qc5 Rc8 29. Qb4 Qa2 30. Qc3 Qxe2 31. Bc5 Ba8 32.
Qe3 Qg4 33. Bb4 Qh3 34. f3 Qxg3+ 35. Kf1 Bxf3 36. Qf2 Qh3+ 37. Kg1 Rd8 38. Be1 Rd3 39. Rc3 Qg4+ 40. Kh2 Qf4+ 41. Qg3 Rd2+ 42. Kg1 Qd4+ 43. Kf1 Bg2+ 44. Qxg2 Rxg2 45. Kxg2 Qxe5 46. Kf1 Qf4+ 47.
Ke2 Qe4+ 48. Kd2 Qd4+ 49. Kc2 Qc5 50. Bd2 g5 51. hxg5 hxg5 52. Be3 Qf5+ 53. Kd2 g4 54. c5 Qd5+ 55. Ke2 Qf3+ 56. Kd2 Qc6 57. Rc1 g3 58. Rg1 g2 59. Ke2 f5 60. Kf2 e5 61. Rxg2+ Kf7 62.
Rg5 Kf6 63. Rh5 Qe4 64. Rh6+ Kg7 65. Rd6 Qc2+ 66. Kf3 Qe4+ 67. Kf2 Qh4+ 68. Ke2 f4 69. Bf2 Qg4+ 70. Ke1 Qf3 71. c6 Qe4+ 72. Kf1 Qc4+ 73.
Kg2 Qe4+ 74. Kf1 Qh1+ 75. Ke2 Qh5+ 76. Kf1 Qh3+ 77. Ke2 f3+ 78. Ke3 Qf5 79. Rd7+ Kg6 80. Rd6+ Kh5 81. Rd3 Qf4# 0-1

[Event "Late-Titled-Tuesday-Blitz-May-14-2024"]
[Site "Chess.com"]
[Date "2024.05.14"]
[Round "8"]
[White "jinbojinbo"]
[Black "Mops_2004"]
[Result "1/2-1/2"]
[WhiteElo "2660"]
[BlackElo "2840"]
[TimeControl "180+1"]
[EndTime "15:29:08 PDT"]
[Termination "Game drawn by repetition"]

1. e4 g6 2. d4 Bg7 3. Nc3 d6 4. Be3 a6 5. g4 Nd7 6. Bg2 c5 7. Nge2 Ngf6 8. h3 O-O 9. Qd2 cxd4 10. Nxd4 d5 11. exd5 Nb6 12. O-O-O Nc4 13. Qd3 Nxe3 14. Qxe3 Bd7 15. Ne6 Qa5 16. Nxg7 Kxg7 17. g5 Nh5 18.
Bf3 Rfe8 19. Bxh5 gxh5 20. f4 b5 21. a3 Kg8 22. Qd4 Rac8 23. Rhe1 Rc4 24. Qd2 b4 25.
Na2 Bf5 26. Nxb4 Rec8 27. Nc6 R8xc6 28. dxc6 Rxc2+ 29. Qxc2 Bxc2 30. Kxc2 Qc5+ 31. Kb1 Qxc6 32. Rxe7 Qf3 33. Rd8+ Kg7 34. Rdd7 Qf1+ 35. Kc2 Qc4+ 36. Kd1 Qf1+ 37. Kc2 Qc4+ 38. Kd2 Qxf4+ 39. Kc3 Qf3+ 40. Kb4 Kg6 41. Rxf7 Qe4+ 42. Kc5 Kxg5 43. Rg7+ Kh6 44. b4 Qe3+ 45. Kc6 Qe4+ 46. Kc7 Qe5+ 47. Kb7 Qe4+ 48.
Kxa6 Qe2+ 49. Kb6 Qe3+ 50. Ka5 Qe2 51. Rxh7+ Kg5 52. Rhg7+ Kh4 53. b5 Qe3 54. b6 Qxa3+ 55. Kb5 Qb3+ 56. Kc6 Qc4+ 57. Kb7 Qe4+ 58. Kb8 Qe8+ 59.
Ka7 Qe3 60. Ka6 Qa3+ 61. Kb7 Qf3+ 62. Kb8 Qf4+ 63. Kc8 Qf8+ 64. Kc7 Qf4+ 65. Kc6 Qe4+ 66. Kd6 Qb4+ 67. Kc7 Qf4+ 68. Kb7 Qe4+ 69. Ka7 Qa4+ 70. Kb8 Qf4+ 71. Rc7 Qf8+ 72. Ka7 Qa3+ 73. Kb7 Qf3+ 74. Kc8 Qf8+ 75. Kb7 Qf3+ 76. Ka6 Qa3+ 77. Kb5 Qb3+ 78. Kc5 Qc3+ 79. Kd6 Qf6+ 80. Kc5 Qc3+ 81. Kd5 Qb3+ 82.
Kc6 Qf3+ 83. Kb5 Qb3+ 84. Ka6 Qa3+ 85. Kb7 Qf3+ 1/2-1/2

[Event "Late-Titled-Tuesday-Blitz-May-14-2024"]
[Site "Chess.com"]
[Date "2024.05.14"]
[Round "8"]
[White "Rud_Makarian"]
[Black "Abund"]
[Result "1-0"]
[WhiteElo "2951"]
[BlackElo "2776"]
[TimeControl "180+1"]
[EndTime "15:29:10 PDT"]
[Termination "Rud_Makarian won by checkmate"]

1. d4 d5 2. c4 e6 3. Nf3 Nf6 4. Nc3 a6 5. cxd5 exd5 6. Bg5 Be6 7. e3 Nbd7 8. Bf4 Nb6 9. h3 Bd6 10. Bd3 h6 11. O-O O-O 12. Re1 c6 13. Qc2 Qc7 14.
Ne2 Nh5 15. Bxd6 Qxd6 16. Ne5 g6 17. Nf4 Ng7 18. Bxg6 fxg6 19. Qxg6 Qe7 20. Qxh6 Bf5 21.
Nh5 Nxh5 22. Qxh5 Qg7 23. e4 dxe4 24. Re3 Qh7 25. Rg3+ Kh8 26. Qg5 Nd5 27. Qd2 Rg8 28. Qe2 Raf8 29. Rf1 Nf4 30. Qe3 Nd5 31. Qe2 Qh4 32.
Kh2 Kh7 33. Qd1 Qh6 34. Qe2 Rg7 35. Nc4 Rfg8 36. Ne5 Nf4 37. Qe3 Nd5 38. Qe2 Qh4 39. Rxg7+ Rxg7 40. g4 Nf4 41. Qe3 Nd5 42. Qe2 Bg6 43.
Rg1 Nf4 44. Qe3 Nd5 45. Qe2 Nf6 46. Rg3 Kg8 47. Qe3 Bh7 48. Qb3+ Kh8 49. Qe6 Bg8 50. Qf5 Nh7 51. Qxe4 Rg5 52. Ng6+ Rxg6 53. Qxg6 Bd5 54. Qf5 Ng5 55. Qf8+ Kh7 56. Qf5+ Kg7 57. Re3 Nf7 58. Qf4 Qd8 59. Kg3 Qd7 60. h4 Nd6 61.
Qg5+ Kf7 62. Qh5+ Kg7 63. Qg5+ Kf7 64. h5 Qc7 65. Qf4+ Kg7 66. f3 Qd7 67. Qe5+ Kh7 68.
Qe7+ Qxe7 69. Rxe7+ Kg8 70. b3 Nb5 71. f4 Nxd4 72.
f5 b5 73. Kf4 c5 74. h6 Nc6 75.
Rd7 Nb4 76. g5 c4 77. g6 c3 78. Rd8# 1-0

[Event "Late-Titled-Tuesday-Blitz-May-14-2024"]
[Site "Chess.com"]
[Date "2024.05.14"]
[Round "8"]
[White "cukricek"]
[Black "only_strong_moves"]
[Result "0-1"]
[WhiteElo "2442"]
[BlackElo "2663"]
[TimeControl "180+1"]
[EndTime "15:29:26 PDT"]
[Termination "only_strong_moves won by resignation"]

1. g3 h5 2. Nf3 h4 3. Nxh4 g5 4. Nf3 g4 5. Nd4 e6 6. e3 Bg7 7. Bg2 Nh6 8. c4 c5 9. Nc2 Nc6 10. Nc3 Ne5 11. d3 d6 12. O-O Bd7 13. Rb1 Bc6 14. e4 Qf6 15. Ne3 Nf3+ 16. Bxf3 gxf3 17. Bd2 O-O-O 18. b4 cxb4 19. Rxb4 Qg6 20. Qxf3 f5 21. Ncd5 Rd7 22. exf5 Nxf5 23. Nxf5 exf5 24.
Re1 Qh7 25. h4 Be5 26. Bf4 Bc3 27. Reb1 Bxb4 28. Rxb4 Qg7 29. Kh2 Qd4 30. Rb3 Rdh7 31. Bg5 Rf7 32. Qf4 Qxf4 33. Nxf4 Re8 34. d4 Re4 35. d5 Ba4 36. Rc3 Rh7 37. Ne6 Rg4 38. Kg2 Re4 39. c5 Kd7 40. cxd6 Kxd6 41. Nc5 Rd4 42.
Bf4+ Kxd5 43. Nxa4 Rxa4 44. Rd3+ Rd4 45. Rb3 b6 46. Rb5+ Ke6 47. Re5+ Kf6 48. Re2 Rdd7 49. Bg5+ Kg6 50. Re6+ Kh5 51. f3 Rc7 52. Kh3 Rc3 53.
Kg2 b5 54. Rf6 b4 55. Rxf5 Kg6 56. Rf6+ Kg7 57. g4 Rc2+ 58. Kg3 Rxa2 59. Rc6 Re2 60. h5 b3 61. Rc7+ Kg8 62. Rc8+ Kf7 63. Rb8 b2 64. Rb7+ Ke6 65. Rb3 Kd5 66. Bf6 a5 67. Rxb2 Rxb2 68.
Bxb2 a4 69. Kh4 Ke6 70. g5 Rf7 71. g6 Rxf3 72. g7 Kf7 73. h6 Kg8 74. Kg5 Rg3+ 75.
Kf6 Kh7 76. Kf7 Rf3+ 77. Bf6 Rg3 78. Ba1 Rg6 79. Bf6 a3 80. Ba1 a2 81. Bc3 Rg2 82. Ba1 Rg1 83. Bf6 Rg2 84. Be5 Rg5 85. Bd4 Rg6 86. Bc3 Rg4 87. Bb2 Rf4+ 88. Bf6 Rxf6+ 89.
Kxf6 a1=Q+ 90. Ke7 Qa7+ 91. Kf8 Qb8+ 92. Kf7 Qc7+ 93.
Kf8 Qd8+ 94. Kf7 Qg8+ 95. Kf6 Kxh6 0-1

[Event "Late-Titled-Tuesday-Blitz-May-14-2024"]
[Site "Chess.com"]
[Date "2024.05.14"]
[Round "8"]
[White "NajdorfPlayerc5"]
[Black "Leebit02"]
[Result "0-1"]
[WhiteElo "2411"]
[BlackElo "2602"]
[TimeControl "180+1"]
[EndTime "15:29:27 PDT"]
[Termination "Leebit02 won on time"]

1. d4 d5 2. c4 dxc4 3. e4 b5 4. a4 c6 5. axb5 cxb5 6. Nc3 Qb6 7. b3 e6 8. bxc4 b4 9. c5 Qb7 10. Rb1 Bd7 11. Bd3 Nf6 12. Nf3 Be7 13. O-O O-O 14. e5 Nd5 15. Nxd5 Qxd5 16. Qc2 Bc6 17. Rxb4 a5 18.
Rb1 h6 19. Re1 Qd7 20. Be4 Rd8 21. Be3 Bxe4 22. Qxe4 Nc6 23. Qg4 Kh7 24. Rb6 Nb4 25.
Ra1 Nd5 26. Qe4+ Kg8 27. Rb2 a4 28. Qd3 Ra7 29. Qc4 Rda8 30. Bd2 Qc6 31. Rba2 Nc7 32. h3 a3 33. Bc1 Nb5 34. Ne1 Ra4 35. Qd3 Rxd4 36.
Qe3 Rda4 37. Nc2 Bxc5 38. Qd3 Qb6 39. Be3 Bxe3 40. Nxe3 Rd8 41. Qe2 Nc3 42. Qc2 Nxa2 43. Qxa4 Nc3 44. Qxa3 Ne2+ 45. Kh1 Nf4 46. Qa2 Qd4 47.
Rb1 Qxe5 48. Qc2 Qf6 49. Rd1 Re8 50. Qd2 Rf8 51. Rg1 Ng6 52. Re1 Rd8 53. Qe2 Rd4 54.
Rd1 Kh7 55. Rxd4 Qxd4 56. Qd1 Qf6 57. Qe1 e5 58. Qf1 Nf4 59. Qe1 Qg5 60. Kh2 f6 61. g3 Ne6 62. Qb1+ Qg6 63. Qxg6+ Kxg6 64. h4 f5 65. Kg2 Kf6 66. Kf3 Nc7 67. Nc4 Ke6 68.
Nd2 Nd5 69. Ke2 Nf6 70. f3 Nd7 71. Kf2 Nc5 72. Nc4 Kd5 73. Ne3+ Ke6 74. Nc4 g6 75. Ne3 Nb3 76. Nc4 Nd4 77. Ke3 Nc6 78. Nd2 Kd5 79. Nb3 Nd4 80. Nd2 g5 81. hxg5 hxg5 82. Nf1 Ne6 83.
Nd2 Nc5 84. Nf1 Nb3 85. Nd2 Nxd2 86. Kxd2 Kd4 87. Ke2 f4 88. g4 Kc3 89. Kf2 Kd2 0-1

[Event "Late-Titled-Tuesday-Blitz-May-14-2024"]
[Site "Chess.com"]
[Date "2024.05.14"]
[Round "8"]
[White "super_emi_26"]
[Black "angelgab3"]
[Result "1/2-1/2"]
[WhiteElo "2862"]
[BlackElo "2724"]
[TimeControl "180+1"]
[EndTime "15:29:32 PDT"]
[Termination "Game drawn by 50-move rule"]

1. b3 e5 2. Bb2 Nc6 3. e3 g6 4. Nf3 Bg7 5. d4 Nge7 6. dxe5 O-O 7. c4 d6 8. Nc3 Nxe5 9. Be2 N7c6 10. O-O Bd7 11.
Qd2 Re8 12. Nd5 Be6 13. Rad1 Bxd5 14. cxd5 Nxf3+ 15. gxf3 Ne5 16. f4 Nd7 17. Bxg7 Kxg7 18. Rc1 Rc8 19. Qd4+ Nf6 20. Qxa7 Nxd5 21. Bf3 Nf6 22.
Qxb7 c5 23. Rfd1 Re7 24. Qb5 Ra7 25. Rd2 Qe7 26. Rcd1 d5 27. Qe2 Ne4 28. Bxe4 dxe4 29. Rd5 Rca8 30. Qb2+ Qf6 31. Qxf6+ Kxf6 32. a4 Rb8 33.
Rxc5 Rxb3 34. Rd4 Ra3 35. Rc6+ Kg7 36. Rcc4 f5 37. Kg2 Ra2 38. h4 Kh6 39. Kg3 Kh5 40. Rb4 Rc7 41. Rdc4 Rd7 42. Rd4 Rc7 43. Rbc4 Rb7 44.
Rd1 Ra7 45. Rc8 R2xa4 46. Rh8 Kh6 47. h5 Rg7 48. hxg6 Rxg6+ 49. Kh3 Kg7 50. Rdd8 Raa6 51. Rdg8+ Kf7 52. Rf8+ Kg7 53. Rfg8+ Kf7 54. Rb8 Rh6+ 55. Kg2 Rag6+ 56. Kf1 Rb6 57. Rxh7+ Rxh7 58. Rxb6 Rh1+ 59. Kg2 Ra1 60. Kg3 Rg1+ 61. Kh2 Rg4 62. Rh6 Kg7 63.
Rh3 Kf6 64. Rg3 Rh4+ 65. Kg2 Rh8 66. Kf1 Rh1+ 67. Ke2 Ra1 68. Rh3 Ra2+ 69. Kf1 Kg6 70. Rh8 Rb2 71. Rg8+ Kf6 72. Ra8 Rc2 73. Kg2 Rc7 74.
Ra6+ Kf7 75. Kg3 Rc2 76. Ra5 Kf6 77. Ra6+ Kf7 78. Ra1 Kf6 79. Rh1 Kg6 80. Rh2 Rc1 81.
Kh3 Kf6 82. Kh4 Rg1 83. Kh3 Rg8 84. Rg2 Rh8+ 85. Kg3 Rg8+ 86. Kh2 Rh8+ 87. Kg1 Ra8 88. Rh2 Kg6 89. Kg2 Rb8 90. Kg3 Ra8 91. Rh1 Rg8 92.
Rc1 Kf6+ 93. Kh2 Rg4 94. Rc6+ Kf7 95. Rc5 Kf6 96. Rb5 Ke6 97. Kh3 Rg1 98. Kh4 Rh1+ 99. Kg5 Rg1+ 100. Kh6 Rg2 101. Rb6+ Ke7 102. Rb2 Ke6 103. Ra2 Kd5 104. Kh5 Kc4 105. Kh4 Kd3 106. Kh3 Rg8 107. Kh4 Rg2 108. Kh5 1/2-1/2

[Event "Late-Titled-Tuesday-Blitz-May-14-2024"]
[Site "Chess.com"]
[Date "2024.05.14"]
[Round "8"]
[White "GMthekingindian"]
[Black "SHIVACalypso"]
[Result "0-1"]
[WhiteElo "2323"]
[BlackElo "2552"]
[TimeControl "180+1"]
[EndTime "15:29:50 PDT"]
[Termination "SHIVACalypso won by checkmate"]

1. d4 Nf6 2. Nf3 c5 3. d5 e6 4. Nc3 exd5 5. Nxd5 d6 6. Bg5 Be7 7. Bxf6 Bxf6 8. c3 O-O 9. Qd2 Be6 10. Nxf6+ Qxf6 11. Qxd6 Rd8 12. Qe5 Qg6 13. g3 Nc6 14. Qxc5 Rd5 15. Qe3 Qc2 16. Bg2 Qxb2 17. O-O Ra5 18. Nd4 Nxd4 19. cxd4 Bxa2 20. Bxb7 Qxb7 21. Qd2 Qa6 22. d5 Rd8 23. e4 g6 24. Rfc1 Ra4 25. Rc7 Qa5 26. Qf4 Bxd5 27. Rxa4 Qxa4 28. exd5 Qxf4 29. gxf4 a5 30. Rc5 a4 31. Ra5 a3 32.
Kg2 a2 33. Rxa2 Rxd5 34. f3 Kg7 35. Kg3 h5 36. Ra6 Rd2 37. Ra5 Kh6 38. f5 h4+ 39.
Kxh4 Rxh2+ 40. Kg3 Rh5 41. Kg4 Rg5+ 42. Kf4 Rh5 43. Re5 f6 44. Ra5 g5+ 45. Kg3 Rh1 46.
Ra6 Kg7 47. Ra7+ Kh6 48. Ra6 Kg7 49. Ra7+ Kg8 50. Ra6 Kf7 51. Ra7+ Kf8 52. Ra8+ Ke7 53. Ra7+ Kd6 54. Ra5 Rg1+ 55. Kf2 Rb1 56. Kg3 Rb4 57.
Kg2 Rd4 58. Kg3 Rd5 59. Ra6+ Ke5 60. Ra7 Kxf5 61. Ra3 Rd4 62. Rb3 Rd5 63. Ra3 Re5 64.
Rb3 Ra5 65. Rc3 Ra4 66. Rd3 Ra1 67. Rc3 Rg1+ 68. Kf2 Rh1 69. Kg2 Ra1 70. Kg3 Rb1 71. Rd3 Rb5 72. Rc3 Rb4 73. Rc5+ Kg6 74. Rc3 f5 75. Rc6+ Kh5 76. Rc8 Rb3 77. Rh8+ Kg6 78. Rg8+ Kf6 79. Rf8+ Ke6 80. Re8+ Kd7 81. Rg8 g4 82. Rf8 Rxf3+ 83. Kg2 Ke6 84. Re8+ Kf6 85. Re1 Ra3 86. Rc1 Ra2+ 87. Kg3 Kg5 88. Rc5 Ra3+ 89.
Kg2 g3 90. Rc8 Kf4 91. Rc4+ Kg5 92. Rc8 Kg4 93. Rg8+ Kf4 94. Rc8 Ra2+ 95. Kg1 Kg4 96. Rc3 f4 97. Rb3 f3 98. Rb1 Kh3 99. Rc1 f2+ 100. Kf1 g2# 0-1

[Event "Late-Titled-Tuesday-Blitz-May-14-2024"]
[Site "Chess.com"]
[Date "2024.05.14"]
[Round "9"]
[White "GMBenjaminBok"]
[Black "Duhless"]
[Result "1/2-1/2"]
[WhiteElo "3066"]
[BlackElo "3124"]
[TimeControl "180+1"]
[EndTime "15:36:33 PDT"]
[Termination "Game drawn by repetition"]

1. d4 Nf6 2. c4 g6 3. g3 Bg7 4. Bg2 O-O 5. Nc3 d6 6. Nf3 a5 7.
O-O Bf5 8. Nh4 Bc8 9. Nf3 Bf5 10.
Nh4 Bc8 11. Nf3 1/2-1/2

[Event "Late-Titled-Tuesday-Blitz-May-14-2024"]
[Site "Chess.com"]
[Date "2024.05.14"]
[Round "9"]
[White "rhwr"]
[Black "Veleamater"]
[Result "0-1"]
[WhiteElo "2302"]
[BlackElo "2441"]
[TimeControl "180+1"]
[EndTime "15:38:13 PDT"]
[Termination "Veleamater won by resignation"]

1. e4 e5 2. Nf3 Nc6 3. Bb5 f5 4. d3 fxe4 5. dxe4 Nf6 6. Bxc6 bxc6 7.
O-O Bc5 8. Bg5 d6 9. Nbd2 O-O 10. Nb3 Bb6 11. a4 a5 12. c4 Be6 13. c5 dxc5 14.
Qc2 c4 15. Nbd2 Qd3 16. Nxe5 Qxc2 0-1

[Event "Late-Titled-Tuesday-Blitz-May-14-2024"]
[Site "Chess.com"]
[Date "2024.05.14"]
[Round "9"]
[White "YouShallNotPass001"]
[Black "VelandiaSaurio"]
[Result "0-1"]
[WhiteElo "2507"]
[BlackElo "2636"]
[TimeControl "180+1"]
[EndTime "15:38:25 PDT"]
[Termination "VelandiaSaurio won by resignation"]

1. e4 c5 2. Nf3 Nc6 3. Bb5 g6 4. O-O Bg7 5. Bxc6 dxc6 6. d3 Nf6 7. h3 Nd7 8. Qe2 Nf8 9. Nc3 Ne6 10. Be3 Nd4 11.
Qd1 O-O 12. Nd2 f5 13. f4 fxe4 14. Ndxe4 b6 15. Qd2 Nf5 16. Bf2 Be6 17. Rae1 Qd7 18. Ng5 Bf7 19. Nxf7 Rxf7 20. Ne4 h6 21. Re2 Raf8 22.
Rfe1 Nd4 23. Bxd4 Bxd4+ 24. Kh1 Bg7 25. g3 e5 26. fxe5 Qxh3+ 0-1

[Event "Late-Titled-Tuesday-Blitz-May-14-2024"]
[Site "Chess.com"]
[Date "2024.05.14"]
[Round "9"]
[White "guineo59"]
[Black "albayo"]
[Result "0-1"]
[WhiteElo "2230"]
[BlackElo "2407"]
[TimeControl "180+1"]
[EndTime "15:38:27 PDT"]
[Termination "albayo won by resignation"]

1. d4 Nf6 2. Nf3 e6 3. e3 c5 4. Bd3 b6 5. O-O Bb7 6. c4 Be7 7. Nc3 O-O 8. d5 exd5 9. cxd5 d6 10. e4 a6 11. a4 Nbd7 12. h3 Rc8 13. Bc4 Re8 14.
Qd3 Bf8 15. Bxa6 Bxa6 16. Qxa6 Nxe4 17. Bf4 Ndf6 18. Rad1 Ra8 19. Qc4 Nxc3 20. bxc3 Re4 0-1

[Event "Late-Titled-Tuesday-Blitz-May-14-2024"]
[Site "Chess.com"]
[Date "2024.05.14"]
[Round "9"]
[White "ReadySkate"]
[Black "EsmeraldasAnderson03"]
[Result "1-0"]
[WhiteElo "2742"]
[BlackElo "2550"]
[TimeControl "180+1"]
[EndTime "15:39:12 PDT"]
[Termination "ReadySkate won by resignation"]

1. d4 d5 2. c4 dxc4 3. e4 e5 4. Nf3 exd4 5. Bxc4 Nf6 6. O-O Be7 7. e5 Nd5 8. Qxd4 Be6 9. Nc3 Nxc3 10. Qxc3 Bxc4 11. Qxc4 O-O 12. Be3 c6 13. e6 Bf6 14. exf7+ Rxf7 15. Rad1 Qc7 16. Bf4 Qb6 17. Rfe1 1-0

[Event "Late-Titled-Tuesday-Blitz-May-14-2024"]
[Site "Chess.com"]
[Date "2024.05.14"]
[Round "9"]
[White "jaramsdal"]
[Black "Savagelittlemole"]
[Result "0-1"]
[WhiteElo "2371"]
[BlackElo "2518"]
[TimeControl "180+1"]
[EndTime "15:39:16 PDT"]
[Termination "Savagelittlemole won by resignation"]

1. e4 c5 2. a3 Nc6 3. b4 cxb4 4.
axb4 Ne5 5. d4 Ng6 6. Nf3 d6 7. Nc3 Nf6 8. h4 h5 9. Bg5 e6 10. e5 dxe5 11. dxe5 Qxd1+ 12. Rxd1 Bxb4 13. Bb5+ Bd7 14. O-O Bxc3 15. exf6 Bxb5 16. fxg7 Rg8 17. Rb1 Bxf1 18. Rxb7 Ba6 19. Re7+ Nxe7 0-1

[Event "Late-Titled-Tuesday-Blitz-May-14-2024"]
[Site "Chess.com"]
[Date "2024.05.14"]
[Round "9"]
[White "BabageldiAnnaberdiyev"]
[Black "Boninknights"]
[Result "1-0"]
[WhiteElo "2559"]
[BlackElo "2383"]
[TimeControl "180+1"]
[EndTime "15:39:41 PDT"]
[Termination "BabageldiAnnaberdiyev won by resignation"]

1. e4 c5 2. Nf3 h6 3. d3 Nc6 4. Nbd2 e5 5. g3 Nge7 6. Bg2 d5 7. O-O d4 8. Nc4 Ng6 9. a4 Be6 10. Nfd2 Qc7 11. b3 Be7 12. h4 O-O 13. h5 Nh8 14. f4 exf4 15. gxf4 f5 16. e5 g5 17. hxg6 Nxg6 18. Qh5 Kh7 19. Nf3 Rg8 20. Kf2 Kg7 21.
Rh1 Rh8 22. Bd2 Rag8 23. Rag1 Kf8 24. Bh3 Qd7 25. Rxg6 1-0

[Event "Late-Titled-Tuesday-Blitz-May-14-2024"]
[Site "Chess.com"]
[Date "2024.05.14"]
[Round "9"]
[White "dianamirza"]
[Black "ritanovikova"]
[Result "0-1"]
[WhiteElo "1967"]
[BlackElo "2167"]
[TimeControl "180+1"]
[EndTime "15:40:12 PDT"]
[Termination "ritanovikova won by resignation"]

1. e4 d5 2. exd5 Qxd5 3. Nc3 Qd6 4. d4 Nf6 5. Nf3 Bg4 6. Be3 c6 7. h3 Bh5 8. g4 Bg6 9. Bc4 e6 10. Ne5 Ne4 11. Nxe4 Bxe4 12. f3 Bd5 13. Bxd5 cxd5 14.
Qd3 Qa6 15. O-O-O Qxd3 16. Rxd3 Nd7 17. Nxd7 Kxd7 18. Rb3 b6 19. Bf4 Bd6 20. Bxd6 Kxd6 21. Re1 Rhc8 22. Rbe3 Rc4 23. c3 b5 24. Kd2 b4 25. b3 bxc3+ 26. Rxc3 Rxd4+ 27. Ke3 Rb4 28.
Rec1 d4+ 29. Ke2 dxc3 30. Rxc3 0-1

[Event "Late-Titled-Tuesday-Blitz-May-14-2024"]
[Site "Chess.com"]
[Date "2024.05.14"]
[Round "9"]
[White "Mops_2004"]
[Black "Ali_rastbod"]
[Result "1-0"]
[WhiteElo "2845"]
[BlackElo "2718"]
[TimeControl "180+1"]
[EndTime "15:40:17 PDT"]
[Termination "Mops_2004 won by resignation"]

1. g3 e5 2. c4 c6 3. Nf3 e4 4. Nd4 Nf6 5. Bg2 d5 6. cxd5 Qxd5 7. e3 Qe5 8. d3 exd3 9. Nd2 Bc5 10. Nc4 Qe7 11.
O-O O-O 12. Qxd3 Rd8 13. b3 Bg4 14. Bb2 Na6 15. Rfe1 Nb4 16. Qb1 Nbd5 17. a3 Nb6 18.
Na5 Qd7 19. Qc2 Bf8 20. b4 Bh3 21. Rad1 Bxg2 22. Kxg2 Qd5+ 23. e4 Qh5 24. f3 Rd7 25. Nf5 Rad8 26. Bxf6 gxf6 27. Rxd7 Rxd7 28. Rd1 Qg5 29.
Rxd7 Nxd7 30. Nxb7 1-0